 Dungeon Sprint DCSS version 0.31-a0-18-gea43df2a32 (webtiles) character file.

Game seed: 1738910391318514939

2794 sircluck the Grappler (level 9, -1/151 HPs)
             Began as a Troll Berserker on May 11, 2023.
             Was a High Priest of Trog.
             Slain by a yaktaur (6 damage)
             ... while paralysed by a hornet
             ... in the Dungeon (Sprint II: "The Violet Keep of Menkaure").
             The game lasted 00:03:33 (338 turns).

sircluck the Grappler (Troll Berserker)              Turns: 338, Time: 00:03:34

Health: -1/151     AC:  4    Str: 31    XL:     9   Next: 43%
Magic:  7/7        EV:  1    Int:  3    God:    Trog [*****.]
Gold:   460        SH:  0    Dex:  9    Spells: 8/8 levels left

rFire   . .          .
                       - Unarmed
rCold   . . .        (no shield)
rNeg    . . .        a - +0 animal skin
rPois   .            (helmet restricted)
rElec   .            (no cloak)
rCorr   .            (gloves unavailable)
SInv    .            (boots unavailable)
Will    .....        (no amulet) Stlth
                     (no ring)
HPRegen 1.25/turn    (no ring)
MPRegen 0.10/turn

%: no teleportation
@: paralysed, berserking (expiring), lethally poisoned (-1 -> -10), slowed
A: large, unfitting armour, claws 3, regeneration 1, shaggy fur 1, tough skin 1,
low MP 1
a: Renounce Religion, Berserk, Trog's Hand, Brothers in Arms


You were in the Dungeon.
You worshipped Trog.
Trog was extremely pleased with you.
You visited 1 branch You collected 985 gold pieces.
You spent 525 gold pieces at shops.

Inventory:

Armour
 a - a +0 animal skin (worn)
Scrolls
 g - 2 scrolls of blinking
Potions
 b - a potion of curing
 c - 3 potions of heal wounds
 d - a potion of haste
 e - 2 potions of magic
 f - a potion of berserk rage


   Skills:
 + Level 10.2 Fighting
 + Level 10.4 Dodging
 + Level 14.6 Unarmed Combat


You had 8 spell levels left.
You didn't know any spells.
Your spell library was empty.

Dungeon Overview and Level Annotations

Branches:
Dungeon (1/1)

Altars:
Cheibriados
Dithmenos
Elyvilon
Fedhas
Gozag
Kikubaaqudgha
Makhleb
Nemelex Xobeh
Okawaru
Sif Muna
Trog
Uskayaw
Vehumet
Yredelemnul
Zin
Jiyva
Lugonu

Shops:
D :[(*([:?!==*[![

Annotations:
D exclusions: obsidian statue and oklob plant


Innate Abilities, Weirdness & Mutations

You are too large for most types of armour.
You have claws for hands.
Your natural rate of healing is unusually fast.
You are covered in fur. (AC +1)
You have tough skin. (AC +1)
Your magical capacity is low. (-10% MP)


Message History

You claw the hornet! x2
The hornet is heavily wounded.
You feel sick. The hornet stings you!
You are more poisoned.
You feel as though you will be slow longer.
Unknown command.
You are too injured to fight recklessly!
Unknown command.
You are too injured to fight recklessly!
Unknown command.
You are too injured to fight recklessly!
Unknown command.
You are too injured to fight recklessly!
Unknown command.
You are too injured to fight recklessly!
Unknown command.
You scratch the hornet.
The hornet is severely wounded.
You feel very sick. The hornet stings you!
You suddenly lose the ability to move!
You feel very sick. The hornet stings you!
* * * LOW HITPOINT WARNING * * *
You feel as though you will be slow longer.
The yaktaur unwields a +0 arbalest.
The yaktaur hits you but does no damage.
You feel sick. The hornet stings you!
* * * LOW HITPOINT WARNING * * *
You feel as though you will be slow longer.
The hornet stings you!
* * * LOW HITPOINT WARNING * * *
You feel as though you will be slow longer.
The yaktaur hits you!
* * * LOW HITPOINT WARNING * * *
You feel sick. The hornet stings you!
* * * LOW HITPOINT WARNING * * *
You are lethally poisoned!
You feel as though you will be slow longer.
The yaktaur hits you.
You die...

+++## ....# ##..# #^
.##.#### +.### ..#....#
...#### .####..##
#.^##$# ###.##..#
+..#..# ###..#..#
#..#yc#
.'##.+..####..##@#
##.#.#....###...##▓▓▓
###.##......~~~~~~~~~~~
.####~~.....~#+########
..#§~~~~~~§.~#_._.....#
.##~~§~~~§~.~#._._....#
##~~~≈≈≈~§~~~#_._._...#
~~~~~§≈≈§§~~~#._._._..#
+++#~§§§§≈§≈~#_._._._.#


You could see a yaktaur and a hornet.

Vanquished Creatures
  2 boulder beetles (D)
  3 polar bears (D)
  4 neqoxecs (D)
  A vampire mosquito (D)
  Menkaure (D)
  4 necrophages (D)
  3 worms (D)
18 creatures vanquished.

Vanquished Creatures (others)
  A water moccasin (D)
1 creature vanquished.

Grand Total: 19 creatures vanquished

Notes
Turn   | Place    | Note
-------+----------+-------------------------------------------
     0 | D        | sircluck the Troll Berserker began the quest for the Orb.
     0 | D        | Reached XP level 1. HP: 22/22 MP: 0/0
     1 | D        | Noticed a boulder beetle
     1 | D        | Noticed a boulder beetle
     5 | D        | Noticed a neqoxec
     5 | D        | Noticed a neqoxec
     9 | D        | Noticed a neqoxec
    11 | D        | Killed a neqoxec
    12 | D        | Reached skill level 5 in Fighting
    12 | D        | Reached skill level 5 in Dodging
    12 | D        | Reached skill level 6 in Unarmed Combat
    12 | D        | Reached XP level 2. HP: 35/35 MP: 1/1
    12 | D        | Reached XP level 3. HP: 42/42 MP: 2/2
    12 | D        | Reached XP level 4. HP: 50/50 MP: 3/3
    12 | D        | Gained mutation: Your magical capacity is low. (-10% MP) [a
                  | neqoxec]
    16 | D        | Killed a neqoxec
    17 | D        | Reached skill level 8 in Unarmed Combat
    17 | D        | Reached XP level 5. HP: 61/61 MP: 3/3
    18 | D        | Killed a neqoxec
    18 | D        | Reached ** piety under Trog
    18 | D        | Noticed a neqoxec
    19 | D        | Reached skill level 9 in Unarmed Combat
    19 | D        | Reached XP level 6. HP: 53/71 MP: 4/4
    29 | D        | Killed a neqoxec
    30 | D        | Reached XP level 7. HP: 52/78 MP: 5/5
    53 | D        | Reached *** piety under Trog
    54 | D        | Reached skill level 10 in Unarmed Combat
    74 | D        | Reached **** piety under Trog
    80 | D        | Noticed an orange crystal statue
   116 | D        | Killed a boulder beetle
   117 | D        | Reached skill level 12 in Unarmed Combat
   117 | D        | Reached XP level 8. HP: 67/92 MP: 6/6
   126 | D        | Killed a boulder beetle
   127 | D        | Reached skill level 13 in Unarmed Combat
   132 | D        | Noticed an obsidian statue
   173 | D        | Noticed Menkaure
   176 | D        | Killed Menkaure
   177 | D        | Reached XP level 9. HP: 74/101 MP: 7/7
   177 | D        | Found Jegir's Armour Shoppe.
   178 | D        | Found Qoadin's Distillery.
   179 | D        | Found Ruano's Jewellery Emporium.
   179 | D        | Found Kugh's General Store.
   179 | D        | Found Jiukefi's Antique Armour Shoppe.
   180 | D        | Found Cuidur's Book Emporium.
   180 | D        | Found Wuriumn's Magic Scroll Shoppe.
   180 | D        | Found Zuapal's Distillery.
   181 | D        | Found Aqyemnut's Assorted Antiques.
   181 | D        | Found Ungeg's Antique Weapon Shoppe.
   181 | D        | Found Yvvolai's Armour Emporium.
   182 | D        | Found Geem's Jewellery Shoppe.
   184 | D        | Found Vuxowib's Antique Armour Emporium.
   184 | D        | Found Emnulas's Antique Weapon Shoppe.
   185 | D        | Noticed a manticore
   186 | D        | Noticed a manticore
   191 | D        | Noticed a manticore
   191 | D        | Noticed an oklob plant
   192 | D        | Found Urahun's Book Shoppe.
   193 | D        | Noticed a shining eye
   193 | D        | Noticed a shining eye
   194 | D        | Noticed a shining eye
   196 | D        | Noticed a death yak
   231 | D        | Reached ***** piety under Trog
   232 | D        | Reached skill level 10 in Dodging
   259 | D        | Bought a scroll of blinking for 225 gold pieces
   259 | D        | Bought 2 potions of heal wounds for 300 gold pieces
   313 | D        | Found an iron altar of Okawaru.
   313 | D        | Found a radiant altar of Vehumet.
   314 | D        | Found a glowing silver altar of Zin.
   315 | D        | Found a sparkling altar of Nemelex Xobeh.
   315 | D        | Found a hide-covered altar of Uskayaw.
   316 | D        | Found an opulent altar of Gozag.
   316 | D        | Found a burning altar of Makhleb.
   316 | D        | Found a bloodstained altar of Trog.
   317 | D        | Found a blossoming altar of Fedhas.
   317 | D        | Found a corrupted altar of Lugonu.
   317 | D        | Found a basalt altar of Yredelemnul.
   317 | D        | Found a shimmering blue altar of Sif Muna.
   318 | D        | Found a white marble altar of Elyvilon.
   318 | D        | Found an ancient bone altar of Kikubaaqudgha.
   319 | D        | Found a shadowy altar of Dithmenos.
   319 | D        | Found a viscous altar of Jiyva.
   320 | D        | Found a snail-covered altar of Cheibriados.
   323 | D        | Noticed a yaktaur
   323 | D        | Noticed a polar bear
   323 | D        | Noticed a polar bear
   327 | D        | Killed a polar bear
   328 | D        | Reached skill level 14 in Unarmed Combat
   328 | D        | Noticed a polar bear
   331 | D        | Killed a polar bear
   332 | D        | Reached skill level 10 in Fighting
   333 | D        | Killed a polar bear
   335 | D        | Paralysed by a hornet for 3 turns
   338 | D        | HP: 5/151 [hornet (8)]
   338 | D        | Slain by a yaktaur

Illustrated notes

Levels and vault maps discovered:
D:        the_violet_keep_of_menkaure [sprint2_stairs_cluster_1,
          sprint2_shoproom, sprint2_temple, sprint2_basic_supplies,
          sprint2_obstacle_4, sprint2_obstacle_5, sprint2_obstacle_3,
          sprint2_obstacle_7, sprint2_obstacle_6, sprint2_timed_cluster_1,
          sprint2_smallroom_cluster_1, sprint2_smallroom_final_cluster_1,
          sprint2_transparent_cluster_1, sprint2_second_timed_cluster_1,
          sprint2_sniper_area_1, sprint2_heavy_combat_area_1,
          sprint2_mutation_trap_area_1, sprint2_forest_area_1,
          sprint2_light_combat_area_1, sprint2_behind_water_1,
          sprint2_near_end_vault_1]

Skill      XL: |  1  2  3  4  5  6  7  8  9 |
---------------+----------------------------+-----
Fighting       | 5 6 7 9 10 | 10.2
Dodging        | 5 6 7 9 10 | 10.4
Unarmed Combat | 6 8 9 12 13 14 | 14.6

Action                     |  1- 3 |  4- 6 |  7- 9 || total
---------------------------+-------+-------+-------++-------
  Melee: Unarmed           |     5 |    16 |    51 ||    72
         Punch             |       |       |     7 ||     7
 Invoke: Berserk           |     1 |       |     2 ||     3
 Armour: Animal skin       |       |     2 |    10 ||    12
  Dodge: Dodged            |     1 |     7 |    26 ||    34

Table legend: (Time is in decaauts)
 A = Elapsed time spent in this place.
 B = Non-inter-level travel time spent in this place.
 C = Inter-level travel time spent in this place.
 D = Time resting spent in this place.
 E = Time spent auto-exploring this place.
 F = Levels seen in this place.
 G = Mean time per level.
                   A        B        C        D        E       F      G
               +--------+--------+--------+--------+--------+-----+--------+
         Total |    339 |    282 |     57 |     50 |     27 |   1 |  339.0 |
       Dungeon |    339 |    282 |     57 |     50 |     27 |   1 |  339.0 |
               +--------+--------+--------+--------+--------+-----+--------+

Top non-repeatable levels by time:
       D: 339 daAuts
